 Dungeon Crawl Stone Soup version 0.27.1-16-g815e20cd7a (webtiles) character file.

Game seed: 9744712790090344280

1675 DenSaoPin the Priest (level 9, 0/70 HPs)
             Began as a Hill Orc Monk on Nov 23, 2021.
             Was a Believer of Beogh.
             Slain by a two-headed ogre (4 damage)
             ... on level 5 of the Dungeon.
             The game lasted 00:15:53 (6605 turns).

DenSaoPin the Priest (Hill Orc Monk)                Turns: 6605, Time: 00:15:55

Health: 0/70       AC: 11    Str: 20 (23) XL:     9   Next: 1%
Magic:  15/15      EV:  8    Int:  7 (10) God:    Beogh [**....]
Gold:   321        SH:  0    Dex: 12 (13) Spells: 8/8 levels left

rFire    . . .     SeeInvis .   c - +6 dagger (venom)
rCold    . . .     Faith    .   (no shield)
rNeg     . . .     Spirit   .   B - +0 chain mail
rPois    .         Reflect  .   (no helmet)
rElec    .         Harm     .   (no cloak)
rCorr    .         Rampage  .   (no gloves)
Will     +....                  n - +0 pair of boots
Stlth    ..........             (no amulet)
HPRegen  0.21/turn              j - ring of willpower
MPRegen  0.14/turn              A - +6 ring of strength

@: no status effects
A: no striking features
a: Renounce Religion, Smiting


You were on level 5 of the Dungeon.
You worshipped Beogh.
Beogh was pleased with you.
You visited 1 branch of the dungeon, and saw 6 of its levels.

You collected 321 gold pieces.

Inventory:

Hand Weapons
 a - a +1 hand axe
 c - a +6 dagger of venom (weapon)
 q - a +2 dagger of venom
 v - a +2 mace of pain
 z - a +1 dagger of chaos
Armour
 b - a +0 robe
 n - a +0 pair of boots (worn)
 p - a +0 ring mail
 s - a +0 scale mail
 B - a +0 chain mail (worn)
Jewellery
 j - a ring of willpower (left hand)
 A - a +6 ring of strength (right hand)
Scrolls
 d - a scroll of fog {unknown}
 e - a scroll of acquirement {unknown}
 f - 5 scrolls of teleportation {unknown}
 i - 4 scrolls of identify {unknown}
 k - 2 scrolls of immolation {unknown}
 m - 4 scrolls of enchant armour {unknown}
 o - 2 scrolls of blinking {unknown}
 u - a scroll of summoning {unknown}
 w - a scroll of enchant weapon
 x - a scroll of amnesia {unknown}
 y - a scroll of noise {unknown}
 C - a scroll of torment {unknown}
Potions
 h - 3 potions of curing
 l - a potion of haste {unknown}
 r - 6 potions of brilliance {unknown}
 t - a potion of lignification {unknown}


   Skills:
 - Level 3.6 Fighting
 + Level 6.9 Short Blades
 - Level 4.3 Axes
 - Level 6.0 Armour
 - Level 2.4 Dodging
 - Level 1.5 Stealth
 * Level 8.1 Invocations


You had 8 spell levels left.
You didn't know any spells.
Your spell library contained the following spells:

 Spells                   Type           Power      Damage    Failure   Level
 Animate Skeleton         Necr           0%         N/A       99%         1
 Freeze                   Ice            0%         1d3       99%         1
 Pain                     Necr           0%         1d4       99%         1
 Sandblast                Erth           0%         2d4       99%         1
 Blink                    Tloc           N/A        N/A       99%         2
 Passwall                 Tmut/Erth      0%         N/A       99%         2
 Vampiric Draining        Necr           0%         2d6       100%        3
 Lee's Rapid Deconstruct  Erth           0%         3d5*      100%        5
 Manifold Assault         Tloc           0%         N/A       100%        5
 Ozocubu's Refrigeration  Ice            0%         4d5       100%        7
 Storm Form               Tmut/Air       0%         N/A       100%        7


Dungeon Overview and Level Annotations

Branches:
Dungeon (6/15)             Temple (0/1) D:4

Altars:
Dithmenos
Gozag
Hepliaklqana
Vehumet
Wu Jian
Xom

Shops:
D:3 (!*(


Message History

The bullfrog zombie moves out of view.
You hear a shout!
You feel sick.
You feel sick.
You feel sick.
You feel sick.
You feel sick.
You are no longer poisoned.
You see here 8 stones.
The kobold brigand throws a poisoned dart.
The poisoned dart hits you!
You are poisoned.
You feel sick.
You feel sick.
You feel sick.
You feel sick.
You feel sick.
You feel sick.
You are no longer poisoned.
There is a stone staircase leading up here.
The two-headed ogre hits you with a +0 giant club!!
The two-headed ogre closely misses you.
You climb upwards.
There is a stone staircase leading down here.
You hit the two-headed ogre.
The two-headed ogre is poisoned.
The two-headed ogre is lightly wounded.
You hit the two-headed ogre.
The two-headed ogre looks as sick as possible!
The two-headed ogre is lightly wounded.
The two-headed ogre hits you with a +0 giant club!
The two-headed ogre hits you with a +0 giant club!!
* * * LOW HITPOINT WARNING * * *
The two-headed ogre looks more healthy.
It was a potion of degeneration.
There was something very wrong with that liquid.
You feel weakened.
You feel dopey.
You feel clumsy.
The two-headed ogre hits you with a +0 giant club!!
* * * LOW HITPOINT WARNING * * *
The two-headed ogre hits you with a +0 giant club.
You die...

#....#.# #.###
#####....#.########.#
#..........#....)...#
#.##########.######## #.####
#.# #.#..# #.# #.#..# #.#
###########.#..#######.#
#..............O@......#
#.#########.#################
#.#.........................#
#.#.#######.###############.#
....#.....#.# #.#
#####.##.##.# #.# #.##.##.#
#.##### #.##.##.# #......
#<##....# #.#####


You could see a two-headed ogre.

Vanquished Creatures
  A centaur zombie (D:5)
  The ghost of Vivir the Covered, an amateur MiFi (D:3)
  A black bear (D:4)
  3 ogres
  A phantom (D:5)
  2 scorpions (D:4)
  A howler monkey (D:4)
  4 crimson imps (D:5)
  2 hounds
  A jelly (D:5)
  3 centaur skeletons (D:5)
  4 iguanas
  Jessica (D:3)
  Terence (D:3)
  2 orc wizards (D:3)
  A scorpion zombie (D:5)
  A hound zombie (D:5)
  A howler monkey zombie (D:5)
  3 adders
  12 orcs
  4 ball pythons
  4 endoplasms
  2 giant cockroaches (D:1)
  5 goblins
  5 hobgoblins
  6 quokkas
  7 bats
  2 frilled lizards
  4 kobolds
  8 rats
93 creatures vanquished.

Notes
Turn   | Place    | Note
-------+----------+-------------------------------------------
     0 | D:1      | DenSaoPin the Hill Orc Monk began the quest for the Orb.
     0 | D:1      | Reached XP level 1. HP: 19/19 MP: 1/1
   351 | D:1      | Reached skill level 1 in Armour
   351 | D:1      | Reached XP level 2. HP: 8/26 MP: 2/2
   915 | D:1      | Found a faded altar of an unknown god.
  1065 | D:1      | Reached skill level 1 in Short Blades
  1440 | D:2      | Reached XP level 3. HP: 31/31 MP: 3/3
  1542 | D:2      | Reached XP level 4. HP: 32/39 MP: 4/4
  2516 | D:3      | Reached XP level 5. HP: 44/45 MP: 5/5
  2552 | D:3      | Found Honener's Weapon Boutique.
  2559 | D:3      | Noticed Jessica
  2564 | D:3      | Killed Jessica
  2892 | D:3      | Found a runed translucent gate.
  2892 | D:3      | Found a runed translucent gate.
  2892 | D:3      | Found an opulent altar of Gozag.
  2893 | D:3      | Found a runed translucent gate.
  2895 | D:3      | Noticed Vivir's ghost (amateur MiFi)
  2971 | D:3      | Noticed Terence
  2979 | D:3      | Killed Terence
  3090 | D:3      | Found Huiporch's Distillery.
  3094 | D:3      | Found Ureoddag's General Store.
  3211 | D:3      | Found Ycom's Weapon Shop.
  3370 | D:3      | Killed Vivir's ghost
  3371 | D:3      | Reached XP level 6. HP: 20/51 MP: 6/6
  3624 | D:4      | Noticed a black bear
  3636 | D:4      | Killed a black bear
  3637 | D:4      | Reached skill level 5 in Armour
  3786 | D:4      | Reached XP level 7. HP: 26/57 MP: 7/7
  4168 | D:4      | Reached skill level 5 in Short Blades
  4209 | D:4      | Became a worshipper of Beogh the Brigand
  4209 | D:4      | Reached * piety under Beogh
  4209 | D:4      | Reached ** piety under Beogh
  4303 | D:4      | Found a hazy altar of Hepliaklqana.
  4303 | D:4      | Found a shadowy altar of Dithmenos.
  4305 | D:4      | Noticed a shadow
  4458 | D:4      | Found a staircase to the Ecumenical Temple.
  4516 | D:5      | Entered Level 5 of the Dungeon
  4548 | D:5      | Reached skill level 1 in Invocations
  4681 | D:5      | Reached skill level 2 in Invocations
  4883 | D:5      | Reached skill level 3 in Invocations
  4907 | D:5      | Reached skill level 5 in Invocations
  4907 | D:5      | Reached XP level 8. HP: 51/64 MP: 9/12
  5078 | D:5      | Reached skill level 6 in Invocations
  5208 | D:5      | Reached skill level 7 in Invocations
  5406 | D:5      | Found a shimmering altar of Xom.
  5447 | D:5      | Got the Guide on the Glacier and Orientation
  6249 | D:6      | Reached XP level 9. HP: 66/70 MP: 14/14
  6255 | D:6      | Reached skill level 8 in Invocations
  6314 | D:6      | Found a radiant altar of Vehumet.
  6405 | D:6      | Found an ornate altar of the Wu Jian Council.
  6483 | D:6      | Noticed a two-headed ogre
  6605 | D:5      | Slain by a two-headed ogre

Illustrated notes

Levels and vault maps discovered:
D:1:      dpeg_arrival_houses_and_road, layout_loops_ring,
          shapermc_ecumenical_altar_totnotflames, kennysheep_small_spiral,
          minmay_three_crescents
D:2:      layout_loops_ring
D:3:      layout_loops_ring, ebering_ghost_gozag, serial_shops,
          nicolae_lakefront_shop, shop_fountains, shop, shop,
          minmay_misc_feat_diagonals, uniq_jessica, uniq_terence
D:4:      layout_cave_pools, riverfiend_overflow_shadow_ancestor, temple_green
D:5:      layout_basic, led_xom_imps
D:6:      cheibrodos_fzero, layout_loops_ring, nzn_wu_jian_contemplation,
          nicolae_vehumet_radiance

Skill      XL: |  1  2  3  4  5  6  7  8  9 |
---------------+----------------------------+-----
Armour         | 1 2 3 4 5 6 |  6.0
Short Blades   | 1 2 3 4 6 |  6.9
Invocations    | 5 7 8 |  8.1
Fighting       | |  3.6
Axes           | |  4.3
Dodging        | |  2.4
Stealth        | |  1.5

Action                   |  1- 3 |  4- 6 |  7- 9 || total
-------------------------+-------+-------+-------++-------
Melee: Hand axe          |    13 |       |       ||    13
       Dagger            |    45 |    95 |   199 ||   339
Invok: Convert to Beogh  |       |       |     1 ||     1
  Use: Potion            |     2 |     1 |     1 ||     4
       Scroll            |     1 |       |       ||     1
 Stab: Sleeping          |     5 |     2 |     1 ||     8
Armor: Robe              |     7 |     9 |       ||    16
       Ring mail         |       |    15 |    56 ||    71
       Chain mail        |       |       |     1 ||     1
Dodge: Dodged            |    32 |    48 |    90 ||   170
